 Dungeon Crawl Stone Soup version 0.23.2-1-ga50397a6bc (webtiles) character file.

Game seed: 4502391058290736668

41 Ethylacetat the Firebug (level 3, -3/24 HPs)
             Began as a Demonspawn Fire Elementalist on Apr 16, 2019.
             Killed from afar by Natasha (5 damage)
             ... with a magic dart
             ... on level 2 of the Dungeon.
             The game lasted 00:04:50 (1221 turns).

Ethylacetat the Firebug (DsFE)                      Turns: 1221, Time: 00:04:50

Health: -3/24      AC:  4    Str:  8    XL:     3   Next: 32%
Magic:  0/6        EV: 12    Int: 17    God:
Gold:   49         SH:  0    Dex: 13    Spells: 5/6 levels left

rFire    . . .     SeeInvis .   k - +0 dagger (speed)
rCold    . . .     Gourm    .   (no shield)
rNeg     . . .     Faith    .   a - +0 robe
rPois    .         Spirit   .   (no helmet)
rElec    .         Reflect  .   (no cloak)
rCorr    .         Harm     .   (no gloves)
MR       .....                  (no boots)
Stlth    +++.......             (no amulet)
HPRegen  0.08/turn              b - +2 ring of protection
MPRegen  0.10/turn              (no ring)

@: no status effects
A: nightstalker 1, sturdy frame 1
a: no special abilities


You were on level 2 of the Dungeon.
You were not hungry.

You visited 1 branch of the dungeon, and saw 2 of its levels.

You collected 49 gold pieces.

Inventory:

Hand Weapons
 k - a +0 dagger of speed (weapon)
Armour
 a - a +0 robe (worn)
Jewellery
 b - a +2 ring of protection (left hand)
Scrolls
 d - a scroll of identify
 e - 2 scrolls of remove curse
 h - a scroll of random uselessness {unknown}
Potions
 f - a potion of brilliance {unknown}
 i - 2 potions of degeneration {unknown}
Comestibles
 c - 4 rations
 j - 4 chunks of flesh


   Skills:
 - Level 1.7 Dodging
 - Level 1.7 Stealth
 + Level 2.4 Spellcasting
 + Level 1.7 Conjurations
 * Level 3.4 Fire Magic


You had 5 spell levels left.
You knew the following spells:

 Your Spells              Type           Power        Failure   Level  Hunger
a - Flame Tongue          Conj/Fire      ##...        6%          1    #......

Your spell library contained the following spells:

 Spells                   Type           Power        Failure   Level  Hunger
 Throw Flame              Conj/Fire      ##....       10%         2    ##.....
 Conjure Flame            Conj/Fire      ##......     19%         3    ###....
 Inner Flame              Hex/Fire       #.......     28%         3    ###....
 Sticky Flame             Conj/Fire      ##......     54%         4    #####..
 Fireball                 Conj/Fire      ##........   87%         5    ######.


Dungeon Overview and Level Annotations

Branches:
Dungeon (2/15)

Altars:
Uskayaw

Annotations:
D:2 Natasha


Innate Abilities, Weirdness & Mutations

You are slightly more attuned to the shadows.
Your movements are slightly less encumbered by armour. (ER -2)


Message History

The rat is moderately wounded.
Natasha wildly gestures.
Natasha's front paws start to glow.
You hit the rat.
The rat is severely wounded.
The rat bites you.
You hit the rat.
You kill the rat!
Natasha claws you!
* * * LOW HITPOINT WARNING * * *
Casting: Flame Tongue (safe; 6% risk of failure)
Confirm with . or Enter, or press ? or * to list all spells.
Aiming: Flame Tongue (safe; 6% risk of failure)
Press: ? - help, Shift-Dir - straight line, f/p - Natasha
Aim: Natasha (moderately wounded)
The flame tongue hits Natasha!
Natasha is almost dead.
Natasha casts a spell at you. The magic dart hits you.
You die...

...............♣.♣ ......
......)........♣.♣ ......
.................# ♣.♣.♣.♣
.................##.......
...................♣.....♣
.............>.....÷......
............#....h.♣...%.♣
♣.♣.♣.♣.....###.###.......
............# #.@h.♣.♣.♣.♣
♣.....♣.....# #####.......
.........# ######
♣.....♣.. ......# ♣.♣.♣#♣
##'## ÷.># ####


You could see Natasha.

Vanquished Creatures
  A worm (D:2)
  2 dart slugs (D:1)
  A leopard gecko (D:2)
  4 bats
  3 giant cockroaches (D:1)
  2 goblins
  A hobgoblin (D:1)
  10 jackals (D:2)
  A ball python (D:2)
  A kobold (D:1)
  2 rats (D:2)
28 creatures vanquished.

Notes
Turn   | Place    | Note
-------+----------+-------------------------------------------
     0 | D:1      | Ethylacetat the Demonspawn Fire Elementalist began the
                  | quest for the Orb.
     0 | D:1      | Reached XP level 1. HP: 13/13 MP: 3/3
   316 | D:1      | Reached skill level 3 in Fire Magic
   323 | D:1      | Gained mutation: Your movements are slightly less
                  | encumbered by armour. (ER -2) [demonic ancestry]
   323 | D:1      | Reached XP level 2. HP: 19/19 MP: 0/5
   653 | D:2      | Found a hide-covered altar of Uskayaw.
   970 | D:2      | Gained mutation: You are slightly more attuned to the
                  | shadows. [demonic ancestry]
   970 | D:2      | Reached XP level 3. HP: 17/24 MP: 4/6
  1202 | D:2      | Noticed Natasha
  1221 | D:2      | Killed from afar by Natasha

Skill      XL: |  1 |
---------------+----+-----
Fire Magic     | 3 |  3.4
Dodging        | |  1.7
Stealth        | |  1.7
Spellcasting   | |  2.4
Conjurations   | |  1.7

Action                   || total
-------------------------++-------
Melee: Unarmed           ||    10
       Dagger            ||    70
 Cast: Flame Tongue      ||    56
  Use: Scroll            ||     2
  Eat: Chunk             ||     2
Armor: Robe              ||    30
Dodge: Dodged            ||    81
